 Dungeon Crawl Stone Soup version 0.21-a0-193-g085b6a0 (webtiles) character file.

29295 Helio the Unseen (level 13, -3/67 HPs)
             Began as a Spriggan Enchanter on Aug 14, 2017.
             Was a High Priest of Dithmenos.
             Slain by a catoblepas (9 damage)
             ... on level 3 of the Lair of Beasts.
             The game lasted 00:39:45 (21487 turns).

Helio the Unseen (Spriggan Enchanter)              Turns: 21487, Time: 00:39:47

Health: -3/67      AC: 12    Str: 12    XL:     13   Next: 14%
Magic:  17/29      EV:  4    Int: 18    God:    Dithmenos [*****.]
Gold:   1141       SH:  0    Dex: 15    Spells: 15/34 levels left

rFire    . . .     SeeInvis +   e - +6 dagger (freeze)
rCold    . . .     Gourm    .   (shield restricted)
rNeg     + + +     Faith    .   i - +2 robe {Archmagi}
rPois    ∞         Spirit   .   (helmet restricted)
rElec    .         Reflect  .   o - +2 cloak
rCorr    .         Harm     .   (gloves unavailable)
MR       ++...                  (boots unavailable)
Stlth    ++++++++++             (no amulet)
HPRegen  0.21/turn              O - +2 ring of protection
MPRegen  0.21/turn              H - +3 ring of strength

@: petrified, wreathed by umbra, very quick
A: unfitting armour, molten scales 1, rugged brown scales 1, see invisible,
clumsy 1, herbivore 3, speed 3, slow metabolism 2, strong 1
a: Shadow Step, Shadow Form, Renounce Religion


You were on level 3 of the Lair of Beasts.
You worshipped Dithmenos.
Dithmenos was extremely pleased with you.
You were not hungry.

You visited 3 branches of the dungeon, and saw 17 of its levels.

You collected 1141 gold pieces.

Inventory:

Hand Weapons
 a - a +2 dagger
 e - a +6 dagger of freezing (weapon)
 s - a +2 dagger of speed
 K - a +2 dagger of holy wrath
 L - a +4 rapier of distortion
Missiles
 f - a throwing net (quivered)
Armour
 c - a scarf of resistance
 h - a +2 robe of positive energy
 i - a +2 robe of the Archmagi (worn)
 o - a +2 cloak (worn)
 S - a +1 robe of cold resistance
Jewellery
 q - an uncursed ring of resist corrosion
 C - an uncursed ring of flight
 H - a +3 ring of strength (right hand)
 I - an uncursed ring of magical power
 O - a +2 ring of protection (left hand)
 R - an uncursed ring of ice
Wands
 t - a wand of acid (15/15)
 w - a wand of iceblast (7/15)
 D - a wand of acid (5/15)
 F - a wand of paralysis (10/24)
 J - a wand of confusion (17/48)
 M - a wand of acid (11/15)
 P - a wand of lightning (7/15)
Scrolls
 k - 2 scrolls of fog
 m - 8 scrolls of teleportation
 p - 7 scrolls of remove curse
 v - 2 scrolls of magic mapping
 y - 3 scrolls of fear
 B - 2 scrolls of amnesia
 G - a scroll of enchant armour
Potions
 b - 3 potions of invisibility
 g - 2 potions of haste
 n - 2 potions of heal wounds
 r - 2 potions of lignification
 x - 3 potions of brilliance
 z - a potion of magic
 A - 5 potions of curing
 E - a potion of resistance {unknown}
Books
 u - a book of Battle

   Spells                             Type                      Level
   a - Infusion                       Charms                       1
   b - Shroud of Golubria             Charms/Translocation         2
   c - Song of Slaying                Charms                       2
   d - Spectral Weapon                Hexes/Charms                 3
   e - Regeneration                   Charms/Necromancy            3
 N - a book of Cantrips

   Spells                             Type                      Level
   a - Confusing Touch                Hexes                        1
   b - Animate Skeleton               Necromancy                   1
   c - Summon Small Mammal            Summoning                    1
   d - Apportation                    Translocation                1
 Q - a book of Debilitation

   Spells                             Type                      Level
   a - Corona                         Hexes                        1
   b - Slow                           Hexes                        2
   c - Inner Flame                    Hexes/Fire                   3
   d - Portal Projectile              Hexes/Translocation          3
   e - Cause Fear                     Hexes                        4
   f - Leda's Liquefaction            Hexes/Earth                  4
Miscellaneous
 l - a phantom mirror
Comestibles
 d - 7 bread rations
 j - 12 fruits


   Skills:
 + Level 6.7 Fighting
 + Level 8.9 Short Blades
 + Level 11.3 Dodging
 + Level 19.0 Stealth
 + Level 11.0 Spellcasting
 + Level 10.7 Hexes


You had 15 spell levels left.
You knew the following spells:

 Your Spells              Type           Power        Failure   Level  Hunger
a - Ensorcelled Hibernat  Hex/Ice        #####.       1%          2    None
b - Corona                Hex            ######.      1%          1    None
c - Confuse               Hex            ######..     1%          3    None
d - Tukima's Dance        Hex            ######..     1%          3    None
e - Dazzling Spray        Conj/Hex       #####.       2%          3    None
f - Spectral Weapon       Hex/Chrm       #####...     2%          3    None
g - Cause Fear            Hex            ######....   1%          4    ##.....


Dungeon Overview and Level Annotations

Branches:
Dungeon (13/15)            Temple (1/1) D:4            Lair (3/6) D:9
    Orc (0/2) D:12
  Swamp: Lair:2-4    Shoals: Lair:2-4     Snake: Lair:2-4    Spider: Lair:2-4
 Vaults: D:13-14

Altars:
Ashenzari
Cheibriados
Dithmenos
Elyvilon
Fedhas
Gozag
Hepliaklqana
Kikubaaqudgha
Makhleb
Nemelex Xobeh
Okawaru
Qazlal
Ru
Sif Muna
Trog
Uskayaw
Vehumet
Wu Jian
Xom
Yredelemnul
Zin
The Shining One

Shops:
D:7 (


Innate Abilities, Weirdness & Mutations

You are very small and have problems with some larger weapons.
You are too small for most types of armour.
You have supernaturally acute eyesight. (SInv)
You are a herbivore.
You cover ground extremely quickly.
You need consume almost no food.
You are partially covered in molten scales. (AC +2)
You are partially covered in rugged brown scales. (AC +1, +3% HP)
You are clumsy. (Dex -2)
Your muscles are strong. (Str +2)


Message History

You are engulfed in calcifying dust.
Your limbs have turned to stone.
The rime drake breathes ice at you. The flash freeze misses you.
The catoblepas gores you!!
* * * LOW HITPOINT WARNING * * *
You have turned to stone.
You are engulfed in calcifying dust.
The rime drake bites you.
* * * LOW HITPOINT WARNING * * *
The catoblepas gores you!!
* * * LOW HITPOINT WARNING * * *
The rime drake barely misses you.
You are engulfed in calcifying dust.
The catoblepas completely misses you.
The rime drake bites you but does no damage.
You are engulfed in calcifying dust.
The catoblepas breathes a plume of calcifying dust at you.
The blast of calcifying dust hits you! The rime drake bites you.
* * * LOW HITPOINT WARNING * * *
You are engulfed in calcifying dust.
The rime drake bites you but does no damage.
The catoblepas gores you!!
You die...

.....##.....#.....##....P
..........!#.#P+###....#.
######.....#..... P....#
###.####........k...
....##
...................>
.....
....................
.....
........§........... ....
.........§k#...#.. ....
........†.@#.....# ...#
.#...######Y....$. ..
#... l....#. . # ##.#
.#....# #. ....... #.
...# .⌠ ⌠.# .. ...


You could see a catoblepas, a komodo dragon and a rime drake.

Vanquished Creatures
  Snorg (D:13)
  Fannar (Lair:3)
  The ghost of GordonOverkill the Cleaver, a journeyman DgGl (D:10)
  2 hydras
  2 centaur warriors
  8 two-headed ogres
  A wolf spider zombie (D:13)
  A centaur zombie (D:13)
  2 cyclopes
  2 ugly things (D:13)
  A black mamba (Lair:2)
  9 spiny frogs
  A gargoyle (D:10)
  2 komodo dragons
  An efreet (D:13)
  A slime creature (D:6)
  2 trolls
  4 hippogriffs
  4 wyverns
  A shadow (D:13)
  A basilisk (Lair:2)
  3 hogs (D:7)
  A human (D:7)
  15 yaks
  A steam dragon (D:7)
  2 wargs (D:12)
  2 acid dragons
  Duvessa (D:6)
  4 water moccasins
  7 porcupines
  5 orc warriors
  5 sky beasts
  3 black bears
  A necrophage (D:9)
  2 phantoms
  3 ice beasts
  5 ogres
  6 centaurs
  A big kobold (D:9)
  6 crocodiles
  Blork the orc (D:4)
  7 bullfrogs
  A wyvern zombie (D:13)
  Dowan (D:6)
  A scorpion (D:13)
  6 electric eels
  4 howler monkeys
  2 crimson imps
  10 orc priests
  4 bullfrog zombies
  12 jellies (D:6)
  2 centaur skeletons
  10 hounds
  2 bullfrog skeletons
  Crazy Yiuf (D:6)
  13 orc wizards
  4 iguanas
  8 worker ants
  A hound skeleton (D:6)
  A worker ant zombie (D:9)
  8 adders
  10 gnolls
  5 shadow imps
  15 oozes
  3 adder skeletons
  A dart slug (D:2)
  5 leopard geckos
  61 orcs
  7 bats
  2 giant cockroaches
  4 goblins
  5 hobgoblins
  13 jackals
  13 kobolds
  6 quokkas
  3 ball pythons
  3 frilled lizards
  A giant cockroach zombie (D:6)
  A jackal skeleton (D:8)
  5 rats
  A plant (D:6)
384 creatures vanquished.

Vanquished Creatures (collateral kills)
  2 gnolls (D:3)
2 creatures vanquished.

Vanquished Creatures (others)
  A dancing weapon (D:3)
  An orc wizard (D:4)
  3 fungi (D:6)
  A plant (D:6)
6 creatures vanquished.

Grand Total: 392 creatures vanquished

Notes
Turn   | Place    | Note
-------+----------+-------------------------------------------
     0 | D:1      | Helio the Spriggan Enchanter began the quest for the Orb.
     0 | D:1      | Reached XP level 1. HP: 9/9 MP: 5/5
   545 | D:1      | Reached XP level 2. HP: 8/13 MP: 5/7
   554 | D:1      | Learned a level 2 spell: Ensorcelled Hibernation
  1137 | D:2      | Found an iron altar of Okawaru.
  1485 | D:2      | Reached XP level 3. HP: 10/16 MP: 6/9
  1490 | D:2      | Learned a level 3 spell: Confuse
  1494 | D:2      | Learned a level 3 spell: Tukima's Dance
  2656 | D:3      | Reached XP level 4. HP: 21/21 MP: 11/11
  2686 | D:3      | Found a hazy altar of Hepliaklqana.
  2871 | D:3      | Reached skill level 5 in Hexes
  3438 | D:4      | Reached skill level 5 in Spellcasting
  3438 | D:4      | Reached XP level 5. HP: 24/24 MP: 11/13
  3474 | D:4      | Found a sparkling altar of Nemelex Xobeh.
  3561 | D:4      | Reached skill level 5 in Stealth
  3671 | D:4      | Reached skill level 6 in Stealth
  4114 | D:4      | Reached skill level 7 in Stealth
  4114 | D:4      | Reached XP level 6. HP: 11/28 MP: 4/14
  4673 | D:4      | Found a staircase to the Ecumenical Temple.
  4777 | Temple   | Entered the Ecumenical Temple
  5007 | D:4      | Noticed Blork the orc
  5015 | D:4      | Killed Blork the orc
  5129 | D:4      | Reached skill level 8 in Stealth
  5385 | D:4      | Reached skill level 9 in Stealth
  5795 | D:4      | Reached XP level 7. HP: 24/32 MP: 15/15
  5954 | D:5      | Entered Level 5 of the Dungeon
  6241 | D:5      | Reached skill level 10 in Stealth
  6560 | D:5      | Found a shattered altar of Ashenzari.
  6786 | D:5      | Learned a level 3 spell: Dazzling Spray
  6883 | D:5      | Reached skill level 11 in Stealth
  7712 | D:5      | Found a shadowy altar of Dithmenos.
  7809 | D:5      | Reached skill level 12 in Stealth
  7817 | D:5      | Reached XP level 8. HP: 24/36 MP: 11/16
  8107 | D:5      | Became a worshipper of Dithmenos the Shadowed
  8453 | D:6      | Noticed Duvessa
  8456 | D:6      | Noticed Dowan
  8460 | D:6      | Killed Duvessa
  8460 | D:6      | Reached skill level 13 in Stealth
  8469 | D:6      | Killed Dowan
  8487 | D:6      | Reached skill level 14 in Stealth
  9456 | D:6      | Reached skill level 15 in Stealth
  9503 | D:6      | Noticed a slime creature
  9535 | D:6      | Killed a slime creature
  9572 | D:6      | Reached XP level 9. HP: 30/39 MP: 11/17
  9580 | D:6      | Reached skill level 16 in Stealth
  9606 | D:6      | Reached * piety under Dithmenos
 10072 | D:6      | Reached skill level 1 in Fighting
 10368 | D:6      | Found a runed door.
 10372 | D:6      | Noticed Crazy Yiuf
 10376 | D:6      | Killed Crazy Yiuf
 11917 | D:7      | Reached skill level 5 in Dodging
 11945 | D:7      | Reached ** piety under Dithmenos
 12087 | D:7      | Learned a level 3 spell: Spectral Weapon
 12135 | D:7      | Gained mutation: You are dopey. (Int -2) [potion of mutation]
 12135 | D:7      | Gained mutation: You are frail. (-10% HP) [potion of mutation]
 12135 | D:7      | Gained mutation: Your system is resistant to poisons. (rPois) [potion of mutation]
 12135 | D:7      | Gained mutation: You are somewhat resistant to further mutation. [potion of mutation]
 12136 | D:7      | Lost mutation: You are frail. (-10% HP) [potion of mutation]
 12136 | D:7      | Lost mutation: You are somewhat resistant to further mutation. [potion of mutation]
 12136 | D:7      | Lost mutation: Your system is resistant to poisons. (rPois) [potion of mutation]
 12136 | D:7      | Lost mutation: You are dopey. (Int -2) [potion of mutation]
 12136 | D:7      | Gained mutation: You are partially covered in molten scales. (AC +2) [potion of mutation]
 12136 | D:7      | Gained mutation: You tend to lose your temper in combat. [potion of mutation]
 12136 | D:7      | Gained mutation: You are clumsy. (Dex -2) [potion of mutation]
 12136 | D:7      | Gained mutation: You evolve. [potion of mutation]
 12137 | D:7      | Lost mutation: You tend to lose your temper in combat. [potion of mutation]
 12137 | D:7      | Lost mutation: You are clumsy. (Dex -2) [potion of mutation]
 12137 | D:7      | Lost mutation: You evolve. [potion of mutation]
 12137 | D:7      | Gained mutation: You are partially covered in rugged brown scales. (AC +1, +3% HP) [potion of mutation]
 12137 | D:7      | Gained mutation: Your muscles are strong. (Str +2) [potion of mutation]
 12190 | D:7      | Found a shimmering altar of Xom.
 12222 | D:7      | Found Temaf's Weapon Shop.
 12396 | D:7      | Reached XP level 10. HP: 38/48 MP: 4/20
 13440 | D:8      | Noticed a two-headed ogre
 13447 | D:8      | Killed a two-headed ogre
 13585 | D:8      | Reached *** piety under Dithmenos
 13916 | D:9      | Reached skill level 5 in Short Blades
 14009 | D:9      | You fall through a shaft!
 14009 | D:10     | Entered Level 10 of the Dungeon
 14070 | D:9      | Reached skill level 17 in Stealth
 14311 | D:9      | Found a staircase to the Lair.
 14668 | D:10     | Noticed a gargoyle
 14669 | D:10     | Noticed a two-headed ogre
 14671 | D:10     | Killed a gargoyle
 14676 | D:10     | Killed a two-headed ogre
 14700 | D:10     | Reached **** piety under Dithmenos
 14700 | D:10     | Reached XP level 11. HP: 47/54 MP: 23/23
 15413 | D:10     | Noticed a two-headed ogre
 15420 | D:10     | Killed a two-headed ogre
 15489 | D:10     | Noticed GordonOverkill's ghost (journeyman DgGl)
 15504 | D:10     | Killed GordonOverkill's ghost
 16291 | D:12     | Noticed a two-headed ogre
 16294 | D:12     | Killed a two-headed ogre
 16532 | D:12     | Noticed a two-headed ogre
 16543 | D:12     | Killed a two-headed ogre
 16630 | D:12     | Found a staircase to the Orcish Mines.
 16689 | D:12     | Reached skill level 5 in Fighting
 17164 | D:12     | Noticed a four-headed hydra
 17171 | D:12     | Killed a four-headed hydra
 17483 | D:12     | Noticed a centaur warrior
 17489 | D:12     | Killed a centaur warrior
 17489 | D:12     | Reached skill level 18 in Stealth
 17507 | D:12     | Reached ***** piety under Dithmenos
 17560 | D:13     | Noticed a red ugly thing
 17566 | D:13     | Killed a red ugly thing
 17637 | D:13     | Noticed a two-headed ogre
 17639 | D:13     | Killed a two-headed ogre
 17639 | D:13     | Reached XP level 12. HP: 61/61 MP: 26/26
 18014 | D:13     | Noticed Snorg
 18017 | D:13     | Killed Snorg
 18520 | D:13     | Gained mutation: You are clumsy. (Dex -2) [mutagenic glow]
 18680 | D:13     | Reached skill level 10 in Dodging
 18933 | D:13     | Noticed a centaur warrior
 18958 | D:13     | Killed a centaur warrior
 19209 | D:13     | Noticed a two-headed ogre
 19215 | D:13     | Killed a two-headed ogre
 19224 | D:13     | Reached skill level 10 in Spellcasting
 19224 | D:13     | Reached skill level 10 in Hexes
 19225 | D:13     | Noticed a two-headed ogre
 19232 | D:13     | Killed a two-headed ogre
 19634 | Lair:1   | Entered Level 1 of the Lair of Beasts
 20620 | Lair:2   | Learned a level 4 spell: Cause Fear
 21053 | Lair:2   | Reached XP level 13. HP: 67/67 MP: 28/28
 21421 | Lair:3   | Found a snail-covered altar of Cheibriados.
 21424 | Lair:3   | Noticed Fannar
 21428 | Lair:3   | Killed Fannar
 21468 | Lair:3   | Reached skill level 19 in Stealth
 21487 | Lair:3   | Slain by a catoblepas

Vault maps used:
D:1:      lightli_molten_gateway, minmay_tetromino_l2
D:2:      okawaru_ov_weapons_minmay
D:3:      lemuel_round_altar
D:4:      minmay_temple_entry_metal_lava, nemelex_diamond_rough_becter,
          uniq_blork_the_orc
D:5:      lemuel_coloured_pillars_altar, lemuel_doored_altar, first_bread,
          serial_bayou_pond_e
D:6:      lemuel_slime, chequers_big_river, uniq_duvessa,
          uniq_crazy_yiuf_cottage
D:7:      xom_teletrap_fun, serial_shops, nicolae_shop_trees, grunt_livestock
D:9:      erik_lair_dragon
D:12:     david_orc_1_choice, serial_bayou, serial_bayou_ford_a,
          serial_bayou_pond_d, serial_bayou_pond_e, serial_bayou_pond_d
D:13:     uniq_snorg
Temple:   regret_index_temple_mists
Lair:1:   beast_lair_carwin_2
Lair:2:   minivault_26
Lair:3:   basic_altar, serial_bayou_shore_a, grunt_megastairs_2, uniq_fannar

Skill      XL: |  1  2  3  4  5  6  7  8  9 10 11 12 13 |
---------------+----------------------------------------+-----
Spellcasting   | 3 4 5 6 7 9 10 11 | 11.0
Hexes          | 4 5 6 7 9 10 | 10.7
Stealth        | 7 9 12 15 16 17 18 19 | 19.0
Short Blades   | 3 5 7 8 |  8.9
Dodging        | 5 7 9 11 | 11.3
Fighting       | 2 4 5 6 |  6.7

Action                   |  1- 3 |  4- 6 |  7- 9 | 10-12 | 13-15 || total
-------------------------+-------+-------+-------+-------+-------++-------
Melee: Dagger            |   103 |   175 |   391 |   423 |    17 ||  1109
       Rapier            |       |       |       |     9 |       ||     9
 Cast: Corona            |     5 |       |       |       |       ||     5
       Ensorcelled Hiber |    10 |    18 |    51 |    36 |     1 ||   116
       Tukima's Dance    |     3 |     2 |       |       |       ||     5
       Confuse           |       |     5 |    31 |    22 |       ||    58
       Dazzling Spray    |       |       |    15 |    14 |     5 ||    34
Invok: Shadow Step       |       |       |       |     1 |     1 ||     2
  Use: Scroll            |     8 |     6 |     7 |    10 |       ||    31
       Potion            |       |     1 |     9 |       |       ||    10
 Stab: Sleeping          |    14 |    18 |    44 |   109 |     8 ||   193
       Distracted        |       |     2 |       |     1 |     1 ||     4
       Confused          |       |     2 |    13 |    16 |       ||    31
       Invisible         |       |       |     5 |     7 |       ||    12
  Eat: Royal jelly       |       |     2 |     2 |     5 |       ||     9
       Fruit             |       |       |     6 |     2 |       ||     8
Armor: Robe              |    15 |    15 |    22 |    21 |     4 ||    77
Dodge: Dodged            |    58 |    90 |   182 |   245 |    13 ||   588
